[Event "*** Titled Tuesday Blitz"]
[Site "Chess.com"]
[Date "2020.05.05"]
[Round "1"]
[White "inegrepus"]
[Black "Benjoneliere44"]
[Result "1-0"]
[WhiteElo "2279"]
[BlackElo "2571"]
[TimeControl "180+1"]
[EndTime "10:06:43 PDT"]
[Termination "inegrepus won by checkmate"]

1. d4 d6 2. c4 e5 3. e3 Nc6 4. Nc3 g6 5. Nge2 Bg7 6. g3 f5 7. Bg2 Nf6 8. O-O O-O 9. Rb1 a5 10. a3 h5 11. h4 Kh7 12. b4 axb4 13. axb4 Qe7 14. Nd5 Nxd5 15. cxd5 Nd8 16. Qc2 Nf7 17. Bb2 Nh6 18. Rbc1 Rf7 19. dxe5 dxe5 20. Qc5 Ra2 21. d6 Qxd6 22. Qxd6 cxd6 23. Rxc8 Rxb2 24. Nc3 Rxb4 25. Rd1 Rd7 26. Nd5 Rb2 27. Rc7 Rxc7 28. Nxc7 Ng4 29.
Rxd6 Nxf2 30. Ne6 Bh6 31. Rd7+ Kg8 32. Bd5 Bxe3 33. Ng5+ Kf8 34. Nh7+ Ke8 35. Nf6+ Kf8 36. Rf7# 1-0

[Event "*** Titled Tuesday Blitz"]
[Site "Chess.com"]
[Date "2020.05.05"]
[Round "1"]
[White "chorejason"]
[Black "Zakaryan_David"]
[Result "0-1"]
[WhiteElo "2198"]
[BlackElo "2541"]
[TimeControl "180+1"]
[EndTime "10:06:44 PDT"]
[Termination "Zakaryan_David won by resignation"]

1. e4 c5 2. Nf3 d6 3. d4 cxd4 4. Nxd4 Nf6 5. Nc3 a6 6. Bc4 e6 7.
O-O b5 8. Bb3 Nbd7 9. Qf3 Nc5 10.
Bg5 Bb7 11. Rae1 Be7 12. Qh3 Qd7 13. f3 h6 14. Be3 b4 15. Nce2 a5 16. c3 bxc3 17.
Nxc3 a4 18. Bc4 O-O 19. Bxh6 gxh6 20. Qxh6 Rfc8 21. e5 Nh7 22. Nf5 Bf8 23. Qh5 exf5 24. Qg6+ Kh8 25. Bxf7 Bg7 26. e6 Qe7 27. f4 a3 28. Re3 Bd4 29. Re1 Rg8 30. Qh5 Rxg2+ 31. Kf1 Rag8 32. Rh3 Ba6+ 0-1

[Event "*** Titled Tuesday Blitz"]
[Site "Chess.com"]
[Date "2020.05.05"]
[Round "1"]
[White "124chess"]
[Black "Aureliano-Buendia"]
[Result "1-0"]
[WhiteElo "2736"]
[BlackElo "2385"]
[TimeControl "180+1"]
[EndTime "10:06:45 PDT"]
[Termination "124chess won by resignation"]

1. e4 e5 2. Nf3 Nc6 3. Bc4 Bc5 4. c3 Nf6 5. d3 a6 6. Bb3 O-O 7. Nbd2 d5 8. exd5 Nxd5 9. Ne4 Ba7 10. O-O f6 11. Re1 Be6 12. d4 exd4 13. cxd4 Bf7 14. Nc5 Bxc5 15. dxc5 Ndb4 16. Bxf7+ Rxf7 17. Qb3 Qd3 18. Rd1 Qxb3 19. axb3 Rd8 20. Bf4 Rfd7 21. Rxd7 Rxd7 22.
h4 h5 23. g3 Kf7 24. Kg2 Rd3 25. Bxc7 Rxb3 26. Rd1 Rd3 27. Re1 Rd5 28. Bd6 Nd3 29.
Re3 Nxb2 30. Rb3 Nc4 31. Rxb7+ Ke6 32. Rc7 N4e5 33. Nxe5 Nxe5 34. Rxg7 Nd7 35. Re7+ 1-0

[Event "*** Titled Tuesday Blitz"]
[Site "Chess.com"]
[Date "2020.05.05"]
[Round "1"]
[White "bolence16"]
[Black "Gergo85"]
[Result "0-1"]
[WhiteElo "2146"]
[BlackElo "2520"]
[TimeControl "180+1"]
[EndTime "10:06:45 PDT"]
[Termination "Gergo85 won by resignation"]

1. e4 c6 2. d4 d5 3. exd5 cxd5 4. Nf3 Nc6 5. c3 Qc7 6. Bd3 Nf6 7. h3 g6 8. O-O Bf5 9. Be3 Bg7 10. Na3 a6 11.
Nc2 Bxd3 12. Qxd3 O-O 13. Rfe1 Rfe8 14. Bg5 Ne4 15. Bc1 Rad8 16. Ne3 e5 17. Nxd5 Nxf2 18. Nxc7 Nxd3 19. Nxe8 Nxe1 20. Nxg7 Nxf3+ 21. gxf3 Kxg7 22. Be3 exd4 23. cxd4 Nxd4 24. Kf2 Nf5 25. Rc1 Rd7 26. Bc5 f6 27. b4 Kf7 28. Rc4 Rd2+ 29. Kf1 Rxa2 30. Bf2 Ke6 31. Rc7 b5 32. Rxh7 Nd6 33.
h4 Nc4 34. h5 gxh5 35. Rxh5 Ne5 36. Kg2 Nd3 0-1

[Event "*** Titled Tuesday Blitz"]
[Site "Chess.com"]
[Date "2020.05.05"]
[Round "1"]
[White "Konovalova_Vera"]
[Black "lolo9292"]
[Result "0-1"]
[WhiteElo "2098"]
[BlackElo "2503"]
[TimeControl "180+1"]
[EndTime "10:06:46 PDT"]
[Termination "lolo9292 won by resignation"]

1. d4 Nf6 2. Bg5 g6 3. Nf3 Bg7 4. e3 O-O 5. Bd3 d6 6. Nbd2 Nbd7 7. O-O b6 8. c4 Bb7 9. Re1 h6 10. Bh4 Qe8 11. Qc2 e5 12. dxe5 Nxe5 13. Nxe5 Qxe5 14.
Bg3 Qe7 15. Rab1 Rfe8 16. b4 a5 17. c5 dxc5 18. bxc5 Rac8 19. cxb6 cxb6 20. Qb3 Bd5 21. Bc4 Bxc4 22. Nxc4 Ne4 23. Nxb6 Rc3 24. Qa4 Rc5 25. Rbc1 Nc3 26. Qa3 Rc6 27. Qxe7 Rxe7 28. Nd5 Rb7 29. Kh1 Kh7 30. Nxc3 Bxc3 31. Red1 Rb2 32. h3 Rxa2 33. Rd3 Ra3 34. f3 Rb3 35. Be1 Bxe1 0-1

[Event "*** Titled Tuesday Blitz"]
[Site "Chess.com"]
[Date "2020.05.05"]
[Round "1"]
[White "Arjun2002"]
[Black "AnonymusDonkey"]
[Result "1-0"]
[WhiteElo "2643"]
[BlackElo "2314"]
[TimeControl "180+1"]
[EndTime "10:06:47 PDT"]
[Termination "Arjun2002 won by resignation"]

1. e4 c5 2. Nf3 d6 3. Bb5+ Bd7 4. Bxd7+ Nxd7 5. O-O Ngf6 6. Qe2 Rc8 7. d3 g6 8. Nc3 Bg7 9. Be3 O-O 10. Nd2 Nb8 11. Nd5 Nc6 12. c3 Nd7 13. Bg5 h6 14. Bh4 g5 15.
Bg3 e6 16. Ne3 Qe7 17. f4 f5 18. Rae1 g4 19. Qf2 Qf7 20. Ndc4 Qg6 21. Nxd6 Rc7 22. e5 Ne7 23. Bh4 Nb8 24. Bxe7 Rxe7 25. d4 cxd4 26. cxd4 h5 27. d5 Nd7 28. dxe6 Rxe6 29. Rd1 Nc5 30. Nexf5 Rxf5 31. Qxc5 Rf8 32. f5 Bxe5 33. fxg6 1-0

[Event "*** Titled Tuesday Blitz"]
[Site "Chess.com"]
[Date "2020.05.05"]
[Round "1"]
[White "Sweafty"]
[Black "Kapibara_Warri0r"]
[Result "1-0"]
[WhiteElo "2503"]
[BlackElo "2097"]
[TimeControl "180+1"]
[EndTime "10:06:47 PDT"]
[Termination "Sweafty won on time"]

1. Nf3 Nf6 2. c4 g6 3. b3 Bg7 4.
Bb2 O-O 5. g3 d6 6. d4 Nbd7 7.
Bg2 c5 8. O-O Rb8 9. Nc3 b6 10.
Re1 Bb7 11. d5 a6 12. e4 Bc8 13. a4 a5 14. Nd2 Ne8 15. Qc2 Bd4 16. Ne2 Bxb2 17. Qxb2 Ne5 18. Qc3 f6 19. f4 Nf7 20.
Nf3 f5 21. e5 dxe5 22. fxe5 e6 23. d6 Bb7 24. Nf4 Qd7 25. h4 Nh6 26. Ng5 Ng4 27. Ngxe6 Rf7 28. Ng5 Rg7 29. Rad1 Bxg2 30. Kxg2 h6 31.
Nge6 Rf7 32. Qf3 1-0

[Event "*** Titled Tuesday Blitz"]
[Site "Chess.com"]
[Date "2020.05.05"]
[Round "1"]
[White "Grandmaster2B"]
[Black "Charlottemillard17"]
[Result "1-0"]
[WhiteElo "2472"]
[BlackElo "1412"]
[TimeControl "180+1"]
[EndTime "10:06:47 PDT"]
[Termination "Grandmaster2B won on time"]

1. e4 e5 2. Nf3 Nc6 3. Bb5 a6 4. Ba4 Bc5 5. O-O b5 6. Bb3 Nf6 7. c3 h6 8. d4 exd4 9. cxd4 Bb6 10. e5 Ng8 11. Nc3 Nge7 12. d5 Na5 13. d6 cxd6 14.
exd6 Nf5 15. Bxf7+ Kxf7 16. Qd5+ Kg6 17. Ne5+ Kh7 18. Qxa8 Qf6 19. Qe4 Bb7 20. Nxd7 Qg6 21.
Ne5 Qf6 22. Qf4 Bc5 23. Ne4 Bxe4 24. Qxe4 Bxd6 25. Ng4 Qf7 26. Ne3 Rf8 27. g4 Qg6 28. Nxf5 Rxf5 29. Qxf5 Qxf5 30. gxf5 Nc4 31. b3 Nb6 32.
Be3 Nd7 33. Rad1 1-0

[Event "*** Titled Tuesday Blitz"]
[Site "Chess.com"]
[Date "2020.05.05"]
[Round "1"]
[White "Shuvalov"]
[Black "TerorPtica"]
[Result "0-1"]
[WhiteElo "2437"]
[BlackElo "2855"]
[TimeControl "180+1"]
[EndTime "10:06:48 PDT"]
[Termination "TerorPtica won by resignation"]

1. Nf3 Nf6 2. c4 e6 3. g3 d5 4.
Bg2 Be7 5. O-O O-O 6. b3 c5 7. Bb2 Nc6 8. e3 d4 9. exd4 cxd4 10. Re1 Re8 11. d3 Bf8 12. a3 a5 13. Ne5 Nxe5 14.
Rxe5 Nd7 15. Rb5 Nc5 16. b4 axb4 17. axb4 Rxa1 18. Bxa1 Na6 19. Qe1 Nxb4 20. Rxb4 Qa5 21. Bc3 dxc3 22. Rb5 Qc7 23. Nxc3 b6 24. Na4 Bd7 25.
Rb4 Bxb4 26. Qxb4 Bxa4 27. Qxa4 Rd8 28. Bf1 g6 29. h4 h5 30. Qb5 Qc5 31. Qa6 Kg7 32.
Qb7 e5 33. Kg2 Rd6 34. Kg1 Rf6 35. Qg2 Qd4 36. Be2 Re6 37. Bf1 e4 38. dxe4 Rxe4 39. Qf3 Re6 40. Qb3 Re1 41. Qc2 Qd1 42. Qxd1 Rxd1 43.
Kg2 Rc1 44. Be2 Rc3 45. Bf1 Kf6 46. Be2 Ke5 47. Bf1 Kd4 48. Be2 Rxc4 49. Bxc4 Kxc4 50. Kf3 b5 51. Ke4 b4 52. Ke5 b3 53. Kf6 b2 54.
Kxf7 b1=Q 55. g4 hxg4 0-1

[Event "*** Titled Tuesday Blitz"]
[Site "Chess.com"]
[Date "2020.05.05"]
[Round "1"]
[White "ShahMatKanal"]
[Black "VojtechPlat"]
[Result "0-1"]
[WhiteElo "2412"]
[BlackElo "2792"]
[TimeControl "180+1"]
[EndTime "10:06:48 PDT"]
[Termination "VojtechPlat won on time"]

1. d4 d5 2. c4 Nc6 3. e3 e5 4. cxd5 Qxd5 5. Nc3 Bb4 6. Bd2 Bxc3 7. bxc3 Nf6 8. c4 Qd6 9. d5 Ne7 10. Qa4+ Bd7 11.
Qb4 b6 12. Bd3 c5 13. Qb2 e4 14. Bc2 b5 15. cxb5 Nexd5 16. Ne2 O-O 17. O-O Rfb8 18. a4 a6 19. Nc3 Ng4 20. g3 axb5 21. axb5 Rxa1 22.
Rxa1 Nxc3 23. Qxc3 Bxb5 24. Bxe4 Rd8 25. Bf3 Nxf2 26.
Kxf2 Qxd2+ 27. Qxd2 Rxd2+ 28. Ke1 Rd8 29. Ra5 Rb8 30. Be2 Bxe2 31. Kxe2 Rb2+ 32. Kd3 g6 33. h4 Rg2 34. Rxc5 h5 35. Rg5 Kg7 36. g4 Rxg4 37.
Rxg4 hxg4 38. Ke4 Kh6 39. Kf4 Kh5 40. Kg3 f5 0-1

[Event "*** Titled Tuesday Blitz"]
[Site "Chess.com"]
[Date "2020.05.05"]
[Round "1"]
[White "Guenplen"]
[Black "Superfelix"]
[Result "1-0"]
[WhiteElo "2939"]
[BlackElo "2461"]
[TimeControl "180+1"]
[EndTime "10:06:49 PDT"]
[Termination "Guenplen won by resignation"]

1. d4 Nf6 2. Bf4 d6 3. e3 b6 4. h3 Bb7 5. c4 Nbd7 6. Nf3 e6 7. Nc3 a6 8. Bd3 g6 9. Bh2 Qe7 10. e4 Bg7 11. O-O O-O 12. b4 Nh5 13. Rc1 c5 14. bxc5 bxc5 15. d5 e5 16. Rb1 Bc8 17. Re1 Nf4 18.
Bf1 Qd8 19. Qa4 f5 20. Rb3 Nf6 21. Bxf4 Bd7 22. Qa3 exf4 23. e5 Ne4 24. Nxe4 fxe4 25. Rxe4 Bf5 26. Re1 dxe5 27. Nxe5 Re8 28. Nc6 Qf6 29.
Rxe8+ Rxe8 30. Qxc5 h5 31. Rb7 Re1 32. Ne7+ Kh7 33. Nxf5 Qxf5 34. Qd4 Qf8 35. d6 Kh6 36. Qd2 Re6 37. c5 Bf6 38. Qxf4+ g5 39. Qf5 1-0

[Event "*** Titled Tuesday Blitz"]
[Site "Chess.com"]
[Date "2020.05.05"]
[Round "1"]
[White "petroniy_arbitr"]
[Black "IsikCan"]
[Result "0-1"]
[WhiteElo "2313"]
[BlackElo "2639"]
[TimeControl "180+1"]
[EndTime "10:06:49 PDT"]
[Termination "IsikCan won by resignation"]

1. d4 d5 2. c4 c6 3. Nc3 Nf6 4. e3 Bf5 5. Nf3 e6 6. Qb3 Qc7 7. Be2 h6 8. O-O Nbd7 9. Bd2 Be7 10. Rac1 Rc8 11. a3 O-O 12. Qa2 Qb8 13. b4 Ne4 14.
Nxe4 Bxe4 15. cxd5 cxd5 16. Qb2 Bd6 17. Rxc8 Rxc8 18.
Rc1 Rxc1+ 19. Qxc1 Bxf3 20. Bxf3 Bxh2+ 21. Kf1 Bd6 22.
b5 Qd8 23. a4 Nf6 24. Qc2 Bc7 25. Ke2 h5 26. g3 g6 27. Qc5 Bb6 28. Qc2 Kg7 29.
Bb4 Ba5 30. Bc5 Bb6 31. Bb4 Bc7 32. Qc3 Bd6 33. Bc5 b6 34. Bxd6 Qxd6 35. Qc8 Qa3 36. Qa6 Qb2+ 37. Kf1 Qc1+ 38. Kg2 Qc7 39. Kf1 Nd7 40.
a5 Nb8 41. axb6 Qc1+ 42. Kg2 Nxa6 43. bxa7 Qc8 0-1

[Event "*** Titled Tuesday Blitz"]
[Site "Chess.com"]
[Date "2020.05.05"]
[Round "1"]
[White "CroissantNeuf"]
[Black "fmshawnrl123"]
[Result "0-1"]
[WhiteElo "2351"]
[BlackElo "2684"]
[TimeControl "180+1"]
[EndTime "10:06:50 PDT"]
[Termination "fmshawnrl123 won by resignation"]

1. Nf3 Nf6 2. g3 d5 3. Bg2 Bf5 4. c4 e6 5. Qb3 Qc8 6. cxd5 exd5 7.
O-O c6 8. Nc3 Be7 9. d3 O-O 10.
Nd4 Bg6 11. e4 dxe4 12. dxe4 Nbd7 13. Re1 Bc5 14. Nf5 Ne5 15. Be3 Bxf5 16. Bxc5 Be6 17. Qc2 Re8 18. f4 Ned7 19. Bd6 Nb6 20. f5 Bd7 21. b3 Ng4 22. Qd2 Ne5 23. f6 gxf6 24.
Rf1 Re6 25. Rad1 Qe8 26. Rf4 Ng6 27. Rf2 Rc8 28. Qh6 c5 29. Bf4 Qf8 30. Qh5 Bc6 31.
Rdf1 c4 32. Bh6 Qb4 33. Bh3 Re5 34. Bxc8 Rxh5 0-1

[Event "*** Titled Tuesday Blitz"]
[Site "Chess.com"]
[Date "2020.05.05"]
[Round "1"]
[White "Aikiigm"]
[Black "Kislov_Oleg"]
[Result "1-0"]
[WhiteElo "2637"]
[BlackElo "2312"]
[TimeControl "180+1"]
[EndTime "10:06:50 PDT"]
[Termination "Aikiigm won by checkmate"]

1. e4 e6 2. f4 d5 3. e5 c5 4. Nf3 Nc6 5. g3 Nge7 6. Bg2 Nf5 7. c3 h5 8. d3 Be7 9. Qe2 b6 10. Nbd2 Ba6 11. a4 Qc7 12. Nf1 h4 13. Bh3 hxg3 14. hxg3 Na5 15. N3d2 d4 16. Bg2 Rxh1 17. Bxa8 Nxg3 18.
Qg2 Nxf1 19. Qxh1 Ne3 20. Ke2 Nc2 21. Rb1 c4 22. Be4 dxc3 23. bxc3 cxd3+ 24. Bxd3 Qxc3 25.
Qa8+ Bc8 26. Ne4 Nd4+ 27. Kf2 Qxd3 28. Qxc8+ Bd8 29. Nd6+ Ke7 30. Qa8 Nac6 31. Qb7+ Kf8 32. Qxf7# 1-0

[Event "*** Titled Tuesday Blitz"]
[Site "Chess.com"]
[Date "2020.05.05"]
[Round "1"]
[White "mirciulica14"]
[Black "cuprichanin"]
[Result "1-0"]
[WhiteElo "2623"]
[BlackElo "2303"]
[TimeControl "180+1"]
[EndTime "10:06:52 PDT"]
[Termination "mirciulica14 won by resignation"]

1. d4 Nf6 2. c4 e6 3. Nf3 Bb4+ 4.
Nbd2 Qe7 5. a3 Bxd2+ 6. Qxd2 O-O 7. e3 d6 8. Be2 e5 9. O-O Nc6 10. b4 a5 11. b5 Nd8 12. a4 e4 13. Ne1 Ne6 14. Ba3 Ng5 15. c5 Ng4 16. b6 Qf6 17. bxc7 d5 18. c6 bxc6 19. Bxf8 Kxf8 20. Rb1 Nf3+ 21.
Nxf3 exf3 22. Bxf3 Ra7 23. Rb8 Qe6 24. Bxg4 Qxg4 25.
Rfb1 Rxc7 26. Qxa5 Re7 27. Qd8+ Re8 28. Qd6+ Kg8 29.
Qxc6 Rf8 30. Rc1 Bf5 31. Qd6 Bc8 32. h3 Qf5 1-0

[Event "*** Titled Tuesday Blitz"]
[Site "Chess.com"]
[Date "2020.05.05"]
[Round "1"]
[White "SerGo055"]
[Black "Enriquack"]
[Result "1-0"]
[WhiteElo "2609"]
[BlackElo "2287"]
[TimeControl "180+1"]
[EndTime "10:06:52 PDT"]
[Termination "SerGo055 won by resignation"]

1. d4 Nf6 2. Nf3 g6 3. c4 Bg7 4.
Nc3 d5 5. e3 O-O 6. Qb3 c6 7. Bd2 Qb6 8. cxd5 Qxb3 9. axb3 cxd5 10. b4 Nbd7 11. b5 Nb6 12. Bd3 Be6 13. Ke2 Rfc8 14.
Na4 Nc4 15. b3 Nxd2 16. Nxd2 b6 17. Rhc1 Kf8 18. Rxc8+ Rxc8 19. Nf3 Ne4 20. Nd2 Nd6 21. Nb1 Rc1 22. Nac3 Ne4 23. Bxe4 dxe4 24. Rxa7 Bf6 25. Kd2 Rf1 26. Ke2 Rc1 27. d5 Bg4+ 28. Kd2 Rf1 29.
h3 Rxf2+ 30. Ke1 Rc2 31. hxg4 Bxc3+ 32. Kd1 Rxg2 33. Nxc3 Rb2 34. Rb7 Rxb3 35. Kc2 Rxb5 36. Nxb5 1-0

[Event "*** Titled Tuesday Blitz"]
[Site "Chess.com"]
[Date "2020.05.05"]
[Round "1"]
[White "atwalcb"]
[Black "Ziachess74"]
[Result "0-1"]
[WhiteElo "2244"]
[BlackElo "2573"]
[TimeControl "180+1"]
[EndTime "10:06:52 PDT"]
[Termination "Ziachess74 won by checkmate"]

1. d4 d5 2. Nf3 Nf6 3. c4 e6 4. g3 dxc4 5. Bg2 Bd7 6. Ne5 Bc6 7. Nxc6 Nxc6 8. Bxc6+ bxc6 9. Qa4 Qd5 10. O-O Qb5 11.
Qc2 Nd5 12. a3 Be7 13. e4 Nb6 14. Be3 O-O 15. Nd2 c5 16. a4 Qa5 17. Nxc4 Nxc4 18.
Qxc4 Rab8 19. dxc5 Rxb2 20. Bd4 Qb4 21. Rfc1 Qxc4 22.
Rxc4 Rb3 23. c6 a6 24. Bc5 Bxc5 25. Rxc5 Rd8 26. Rac1 g6 27. Ra5 Rb6 28. Kg2 Rd4 29. f3 Rd2+ 30. Kh3 h5 31. Rh1 Rxc6 32. Kh4 Kg7 33. e5 Rc4+ 34. f4 Rc6 35. Kh3 Ra2 36. Rb1 Rcc2 37. Rxa6 Rxh2# 0-1

[Event "*** Titled Tuesday Blitz"]
[Site "Chess.com"]
[Date "2020.05.05"]
[Round "1"]
[White "chenxiaoyuer"]
[Black "ClassyEl"]
[Result "1/2-1/2"]
[WhiteElo "2226"]
[BlackElo "2552"]
[TimeControl "180+1"]
[EndTime "10:06:52 PDT"]
[Termination "Game drawn by repetition"]

1. e4 d6 2. d4 Nf6 3. Nc3 c6 4. Nf3 Bg4 5. a4 e6 6. h3 Bh5 7.
Be3 d5 8. e5 Nfd7 9. g4 Bg6 10.
Qd2 a6 11. Ne2 c5 12. dxc5 Bxc5 13. Bxc5 Nxc5 14. Nfd4 Nc6 15. Nxc6 bxc6 16. f3 a5 17. Nd4 Qb6 18. b3 Nd7 19. f4 Be4 20. Rg1 g5 21.
O-O-O gxf4 22. Qxf4 Qc7 23. Bg2 Bxg2 24. Rxg2 Qxe5 25.
Qxe5 Nxe5 26. Re2 Ng6 27. Nxc6 Nf4 28. Re3 h5 29. g5 h4 30. Ne5 Rg8 31. Rf1 Ng6 32.
Nxf7 Kd7 33. Rf6 Raf8 34. Rxg6 Rxg6 35. Ne5+ Kd6 36. Nxg6 Rf5 37. Nh8 d4 38. Rd3 Kd5 39.
g6 Rg5 40. Rf3 e5 41. Rf7 e4 42. g7 e3 43. Kd1 Rg1+ 44. Ke2 Rg2+ 45. Kf1 Rg3 46. Ke2 Rg2+ 47. Kf1 Rg3 48. Ke2 Ke4 49. Re7+ Kd5 50. Rf7 1/2-1/2

[Event "*** Titled Tuesday Blitz"]
[Site "Chess.com"]
[Date "2020.05.05"]
[Round "1"]
[White "Happy1712Drummer"]
[Black "kinga2008"]
[Result "1-0"]
[WhiteElo "2503"]
[BlackElo "2097"]
[TimeControl "180+1"]
[EndTime "10:06:52 PDT"]
[Termination "Happy1712Drummer won on time"]

1. d4 g6 2. c4 Bg7 3. Nc3 d6 4. Nf3 c5 5. dxc5 dxc5 6. Qxd8+ Kxd8 7. Bf4 Nc6 8. O-O-O+ Bd7 9. Ne4 b6 10. g3 Kc8 11.
Bg2 Nf6 12. Ne5 Nxe5 13. Nxf6 Bc6 14. Bxc6 Nxc6 15. Rd7 Bxf6 16. Rc7+ Kd8 17. Rxc6 Kd7 18. Rc7+ Ke6 19. Rd1 Rad8 20. Rxd8 Rxd8 21. Rxa7 Rd4 22. b3 Re4 23. Be3 Bd4 24. Kd2 Bxe3+ 25. fxe3 Re5 26. Ra6 Kf5 27. Rxb6 1-0

[Event "*** Titled Tuesday Blitz"]
[Site "Chess.com"]
[Date "2020.05.05"]
[Round "1"]
[White "WoolworthsManly"]
[Black "joksijoksi"]
[Result "1-0"]
[WhiteElo "2683"]
[BlackElo "2347"]
[TimeControl "180+1"]
[EndTime "10:06:54 PDT"]
[Termination "WoolworthsManly won by resignation"]

1. e4 c5 2. Nf3 a6 3. c4 e6 4. Nc3 Qc7 5. d4 cxd4 6. Nxd4 Nf6 7. a3 b6 8. Be2 Bb7 9. f3 Be7 10. Be3 d6 11. O-O O-O 12. Rc1 Rc8 13. b4 Nbd7 14. Qd2 Rab8 15. Kh1 Qd8 16. Rfd1 h6 17. Nb3 Qf8 18.
Na4 Ba8 19. Bf1 g5 20. Qf2 Qg7 21. Nxb6 Nxb6 22. Bxb6 g4 23. Bd3 Nh5 24. Be3 g3 25. Qe1 gxh2 26. g4 Nf6 27. Qg3 d5 28. cxd5 exd5 29.
e5 Nd7 30. Rxc8+ Rxc8 31. Bf5 Rd8 32. Bxd7 Rxd7 33. Nd4 Bg5 34. f4 Bd8 35. Qxh2 Rc7 36. f5 Kh7 37. f6 Qg6 38. Qg2 Rc3 39. Qf3 Bb6 40. Kg2 Bxd4 41. Rxd4 Rc4 42. Rxc4 Qc2+ 43.
Rxc2 1-0

[Event "*** Titled Tuesday Blitz"]
[Site "Chess.com"]
[Date "2020.05.05"]
[Round "1"]
[White "rynos0411"]
[Black "bancsoo"]
[Result "0-1"]
[WhiteElo "2382"]
[BlackElo "2732"]
[TimeControl "180+1"]
[EndTime "10:06:55 PDT"]
[Termination "bancsoo won by resignation"]

1. e4 d5 2. exd5 Qxd5 3. Nc3 Qd6 4. d4 Nf6 5. Nf3 c6 6. Be3 Bg4 7. Be2 e6 8. Ne5 Bxe2 9. Qxe2 Nbd7 10. Bf4 Qxd4 11.
Nd3 Nc5 12. Be5 Nxd3+ 13. cxd3 Qd7 14. Bxf6 gxf6 15. O-O-O O-O-O 16. Qe3 Qd4 17. Qf3 f5 18. Kb1 Bg7 19. h3 Rd7 20. g4 fxg4 21. hxg4 h6 22. Rhe1 Rhd8 23. Re4 Qb6 24. Rc4 Bd4 25. Rc1 Kb8 26.
Qf4+ Ka8 27. Na4 Qb5 28. a3 Qg5 29. Qf3 Qf6 30. Qe4 Rd5 31. f4 Qe7 32. Nc3 Bxc3 33. R1xc3 Qd6 34. g5 hxg5 35. fxg5 Rxg5 36. Ka2 Rd5 37.
Qf3 f5 38. Ra4 Rxd3 39. Qf2 Qd5+ 40. b3 Rd2+ 0-1

[Event "*** Titled Tuesday Blitz"]
[Site "Chess.com"]
[Date "2020.05.05"]
[Round "1"]
[White "DamianoLew95"]
[Black "Funkmaus"]
[Result "1-0"]
[WhiteElo "2557"]
[BlackElo "2213"]
[TimeControl "180+1"]
[EndTime "10:06:55 PDT"]
[Termination "DamianoLew95 won by resignation"]

1. d4 d5 2. Nf3 Nf6 3. Bf4 Bf5 4.
e3 e6 5. c4 c6 6. Nc3 Nbd7 7.
Qb3 Qb6 8. c5 Qxb3 9. axb3 a6 10. b4 Rc8 11. h3 h6 12. Nd2 Be7 13. Nb3 Bd8 14. Bd6 Ne4 15. Nxe4 Bxe4 16. Kd2 Nf6 17. f3 Bg6 18. Bd3 Bxd3 19. Kxd3 Kd7 20. g4 Ne8 21. Bg3 g6 22. e4 Ng7 23. h4 h5 24. g5 Rg8 25.
Rhe1 Bc7 26. Bf2 Rcd8 27. Na5 Kc8 28. Kc3 Rd7 29. b5 axb5 30. Nb3 Bb8 31. Ra8 Re8 32. Bg3 Rc7 33. Bd6 Rd8 34. Be5 Ne8 35. Rea1 1-0

[Event "*** Titled Tuesday Blitz"]
[Site "Chess.com"]
[Date "2020.05.05"]
[Round "1"]
[White "hansen"]
[Black "Baronessa08"]
[Result "1-0"]
[WhiteElo "2950"]
[BlackElo "2464"]
[TimeControl "180+1"]
[EndTime "10:06:56 PDT"]
[Termination "hansen won by resignation"]

1. e4 c5 2. Nf3 Nc6 3. Bb5 e6 4. O-O Nge7 5. Re1 Nd4 6. Nxd4 cxd4 7. c3 a6 8. Bf1 Nc6 9. b4 Be7 10. a4 O-O 11. Bb2 dxc3 12. dxc3 d6 13. Nd2 Bf6 14. Qb3 Qe7 15. Nc4 Ne5 16. Nb6 Rb8 17. a5 Bd7 18. Rad1 Bc6 19. c4 Rfd8 20. b5 Be8 21. Ba3 Qc7 22.
Bb4 Be7 23. Qa3 Ng6 24. Rd2 axb5 25. cxb5 d5 26. exd5 Bxb4 27. Qxb4 exd5 28. Nxd5 Qc8 29. h4 Qf5 30. g4 Qf3 31. Re3 1-0

[Event "*** Titled Tuesday Blitz"]
[Site "Chess.com"]
[Date "2020.05.05"]
[Round "1"]
[White "Dr-Bassem"]
[Black "AcsinteMatei"]
[Result "1-0"]
[WhiteElo "2792"]
[BlackElo "2412"]
[TimeControl "180+1"]
[EndTime "10:06:56 PDT"]
[Termination "Dr-Bassem won by resignation"]

1. e4 c6 2. d4 d5 3. exd5 cxd5 4.
c4 g6 5. Nc3 Nf6 6. Qb3 Bg7 7.
cxd5 O-O 8. Be2 Nbd7 9. Bf3 Nb6 10. a4 a5 11. Nge2 Bg4 12. Bxg4 Nxg4 13. O-O Nf6 14. Nf4 h6 15. d6 Qxd6 16. Nxg6 Rfd8 17. Bf4 Qb4 18. Qa2 Nbd5 19. Bd2 fxg6 20. Nxd5 Qxd2 21.
Rad1 Qg5 22. Nxf6+ Kh8 23. Ne4 Qf4 24. Qe6 Qf5 25. d5 Bxb2 26. Nc5 Bd4 27. Rxd4 1-0

[Event "*** Titled Tuesday Blitz"]
[Site "Chess.com"]
[Date "2020.05.05"]
[Round "1"]
[White "Dinamo81"]
[Black "Shuvatkin_Vladimir"]
[Result "1-0"]
[WhiteElo "2662"]
[BlackElo "2336"]
[TimeControl "180+1"]
[EndTime "10:06:56 PDT"]
[Termination "Dinamo81 won on time"]

1. d4 Nf6 2. Bf4 d5 3. e3 Bf5 4. c4 e6 5. Nc3 c6 6. Qb3 b6 7. Nf3 Bd6 8. Bxd6 Qxd6 9. Be2 O-O 10. O-O Nbd7 11. Rfc1 h6 12. a4 Rab8 13. cxd5 exd5 14. Qd1 Ne4 15. Nxe4 dxe4 16. Nd2 Nf6 17. Nc4 Qe7 18.
Ne5 Bd7 19. Nxc6 Bxc6 20. Rxc6 Rfc8 21. Rac1 Rxc6 22. Rxc6 Qb4 23. Qc2 Qe1+ 24. Bf1 Kh7 25. h3 Re8 26. Qc1 Qb4 27. Qc4 Qxb2 28. Qxf7 Rg8 29.
Rc7 Kh8 30. Bc4 Qa1+ 31. Kh2 Qxa4 32. Qg6 Qe8 33. Qxe8 Rxe8 34. Rxa7 Rc8 35. Be6 Rc2 36. Bf5 Kg8 37. Bg6 Kf8 38. f4 exf3 39. Bxc2 1-0

[Event "*** Titled Tuesday Blitz"]
[Site "Chess.com"]
[Date "2020.05.05"]
[Round "1"]
[White "PaulfromSPb"]
[Black "Safar_From_Afar"]
[Result "1-0"]
[WhiteElo "2602"]
[BlackElo "2274"]
[TimeControl "180+1"]
[EndTime "10:06:56 PDT"]
[Termination "PaulfromSPb won by resignation"]

1. e4 c5 2. Ne2 Nc6 3. g3 g6 4.
Bg2 Bg7 5. c3 Nf6 6. d4 cxd4 7. cxd4 d5 8. e5 Ne4 9. f3 Qa5+ 10. Kf1 O-O 11. fxe4 f6 12. e6 dxe4 13. d5 Ne5 14. Bxe4 f5 15. Bg2 Rd8 16. Nbc3 Bxe6 17. Qa4 Qxa4 18. Nxa4 Bxd5 19. Bxd5+ Rxd5 20. Nac3 Rdd8 21. Kg2 Nd3 22. Rd1 e5 23. Be3 e4 24. Rab1 a6 25. Nf4 Nxf4+ 26. Bxf4 Rac8 27. Rxd8+ Rxd8 28. Rd1 Rc8 29. Rd7 Bxc3 30. bxc3 Rxc3 31. Rxb7 Rc2+ 32. Kg1 Rxa2 33. h4 a5 34. Be5 e3 35. Kf1 a4 36.
Bf4 e2+ 37. Kf2 a3 38. Ra7 Ra1 39. Kxe2 a2 40. Be5 Rh1 41. Kf3 Rh2 42. Rg7+ Kf8 43. Rxh7 Rh1 44. Ra7 Rh2 45. Kf4 Rf2+ 46. Kg5 Re2 47.
Bf6 Rg2 48. Be5 Re2 49. Bf4 Rf2 50. Kxg6 1-0

[Event "*** Titled Tuesday Blitz"]
[Site "Chess.com"]
[Date "2020.05.05"]
[Round "1"]
[White "maxsergej"]
[Black "arminmusovic"]
[Result "0-1"]
[WhiteElo "2134"]
[BlackElo "2512"]
[TimeControl "180+1"]
[EndTime "10:06:56 PDT"]
[Termination "arminmusovic won by resignation"]

1. e4 c6 2. d4 d5 3. exd5 cxd5 4.
c4 Nc6 5. Nf3 Nf6 6. Nc3 Bg4 7.
cxd5 Nxd5 8. Qb3 Bxf3 9. gxf3 Nb6 10. Be3 e6 11. Rd1 Bd6 12. d5 exd5 13. Nxd5 O-O 14.
Nxb6 axb6 15. a3 Re8 16. Be2 Qe7 17. Qxb6 Be5 18. Rg1 Bxh2 19. Rg4 Ne5 20. Rg2 Bf4 21. Qd4 Ng6 22. Kf1 Rad8 23. Qe4 Qh4 24. Rxd8 Rxd8 25. Qb4 Qh1+ 26. Rg1 Qh3+ 27. Rg2 Bxe3 28. fxe3 Nh4 29.
Qg4 Qxg2+ 30. Qxg2 Nxg2 31. Kxg2 Rd2 32. Kf2 Rxb2 33. e4 Ra2 0-1